 Dungeon Crawl Stone Soup version 0.29.1-15-g9cfb28693d (webtiles) character file.

Game seed: 1056383616797642774

3570 Peloso the Carver (level 9, -7/118 HPs)
             Began as a Minotaur Fighter on Mar 5, 2023.
             Was a Believer of Okawaru.
             Mangled by a vampire (9 damage)
             ... on level 7 of the Dungeon.
             The game lasted 00:10:20 (7089 turns).

Peloso the Carver (Minotaur Fighter)                Turns: 7089, Time: 00:10:20

Health: -7/118     AC: 13    Str: 22    XL:     9   Next: 84%
Magic:  8/8        EV:  9    Int:  5    God:    Okawaru [**....]
Gold:   257        SH:  0    Dex: 13    Spells: 8/8 levels left

rFire   . . .      SeeInvis .   a - +0 long sword (spect)
rCold   . . .      Faith    .   c - +0 buckler
rNeg    . . .      Spirit   .   l - +0 chain mail
rPois   .          Reflect  .   (helmet restricted)
rElec   .          Harm     .   (no cloak)
rCorr   .          Rampage  .   n - +0 pair of gloves
Will    .....                   (no boots)
Stlth   ..........              (no amulet)
HPRegen 0.29/turn               (no ring)
MPRegen 0.11/turn               (no ring)

@: confused, berserking, very quick
A: horns 2, retaliatory headbutt
a: Renounce Religion, Heroism


You were on level 7 of the Dungeon.
You worshipped Okawaru.
Okawaru was pleased with you.
You visited 2 branches of the dungeon, and saw 8 of its levels.

You collected 257 gold pieces.

Inventory:

Hand Weapons
 a - a +0 spectral long sword (weapon)
 b - a +0 short sword of flaming
Missiles
 g - 2 throwing nets (quivered)
Armour
 c - a +0 buckler (worn)
 l - a +0 chain mail (worn)
 n - a +0 pair of gloves (worn)
Jewellery
 e - a ring of ice
 i - a ring of positive energy
 q - a ring of positive energy
 y - a +6 ring of dexterity
Wands
 A - a wand of mindburst (3)
Scrolls
 h - a scroll of brand weapon
 r - 3 scrolls of teleportation
 s - 2 scrolls of immolation
 t - a scroll of summoning
 u - a scroll of identify
 x - a scroll of blinking {unknown}
Potions
 d - 2 potions of might
 f - a potion of invisibility {unknown}
 k - a potion of haste
 m - a potion of cancellation
 p - a potion of magic
 v - a potion of brilliance {unknown}
 z - a potion of heal wounds {unknown}


   Skills:
 + Level 7.6 Fighting
 + Level 10.8 Long Blades
 + Level 10.0 Armour
 + Level 3.5 Dodging
 + Level 1.3 Stealth
 + Level 6.0 Shields


You had 8 spell levels left.
You didn't know any spells.
Your spell library contained the following spells:

 Spells                   Type           Power      Damage    Failure   Level
 Ignite Poison            Fire/Tmut/Pois 0%         N/A       100%        3
 Mephitic Cloud           Conj/Pois/Air  0%         N/A       100%        3
 Freezing Cloud           Conj/Ice/Air   0%         6-21      100%        5
 Orb of Destruction       Conj           0%         9d5       100%        7
 Summon Guardian Golem    Hex/Summ       Unusable   N/A       N/A         3
 Spellforged Servitor     Conj/Summ      Unusable   N/A       N/A         7

Dungeon Overview and Level Annotations

Branches:
Dungeon (7/15)             Temple (1/1) D:6

Altars:
Ashenzari
Cheibriados
Dithmenos
Elyvilon
Gozag
Hepliaklqana
Kikubaaqudgha
Makhleb
Nemelex Xobeh
Okawaru
Qazlal
Ru
Sif Muna
Trog
Uskayaw
Vehumet
Xom
Yredelemnul
Zin

Annotations:
D:5 2 runed translucent doors, duchin's ghost, amateur MfTm
D:7 1 runed translucent door, Voland's ghost, novice TeAE


Innate Abilities, Weirdness & Mutations

You have a pair of horns on your head.
You reflexively headbutt those who attack you in melee.


Message History

You bump into the rock wall.
Something hits you but does no damage. Something bites you but does no damage.
You hit something.
Your +0 spectral long sword closely misses something.
You hit your +0 spectral long sword.
Your +0 spectral long sword is lightly damaged.
Your +0 spectral long sword hits itself!
Your spectral weapon shares its damage with you!
Something hits you but does no damage. Something bites you but does no damage.
You hit your +0 spectral long sword but do no damage.
Your +0 spectral long sword is heavily damaged.
Your +0 spectral long sword hits itself.
Your spectral weapon shares its damage with you!
Something hits you. Something bites you but does no damage.
You feel less confused. Something hits you! Something bites you.
* * * LOW HITPOINT WARNING * * *
Something draws strength from your injuries!
You barely miss something.
Your +0 spectral long sword hits something!
Something draws life force from you!!
* * * LOW HITPOINT WARNING * * *
You feel better. Something hits you.
* * * LOW HITPOINT WARNING * * *
Something bites you.
* * * LOW HITPOINT WARNING * * *
Something draws strength from your injuries!
It was a potion of magic.
Magic courses through your body. Something hits you but does no damage.
Something bites you but does no damage.
Okay, then.
You can't see any enemies this would affect, really read the scroll of fear?
As you read the scroll of fear, it crumbles to dust.
You assume a fearsome visage.
Nothing appears to happen.
You hear some strange, mumbled words.
You are confused.
Unknown command.
It was a potion of berserk rage.
A red film seems to cover your vision as you go berserk!
You feel yourself moving faster!
You feel mighty! Something hits you!
You die...

##....#.##
#....#...
###..#..)
####+########.#...
#.............#...
#.............##..
#.............##..
#.########'#####..
#@.### ##...## #..
#{...###.....#####
#....##.......#
#.....#.......# ##
##....#......)###.
#....##.....##...
###..###)..###...
#.# ##### #... ..
+...


There were no monsters in sight!

Vanquished Creatures
  A deep elf pyromancer (D:7)
  Grinder (D:3)
  3 yaks (D:6)
  A water moccasin (D:7)
  Duvessa (D:5)
  2 orc warriors
  A sky beast (D:7)
  An ice beast (D:6)
  A black bear (D:6)
  3 centaurs
  An ogre (D:5)
  A phantom (D:5)
  A necrophage (D:4)
  3 scorpions
  5 wights (D:5)
  Dowan (D:5)
  A howler monkey (D:5)
  A gnoll bouda (D:5)
  2 orc priests (D:6)
  3 hounds
  5 jellies
  4 iguanas
  7 orc wizards
  11 gnolls
  7 adders
  A shadow imp (D:6)
  A white imp (D:6)
  2 ufetubi
  2 dart slugs
  23 orcs
  6 endoplasms
  2 giant cockroaches (D:4)
  9 hobgoblins
  6 kobolds
  2 quokkas (D:5)
  6 ball pythons
  3 bats
  2 frilled lizards
  5 goblins
  3 rats
141 creatures vanquished.

Vanquished Creatures (others)
  2 withered plants (D:7)
2 creatures vanquished.

Grand Total: 143 creatures vanquished

Notes
Turn   | Place    | Note
-------+----------+-------------------------------------------
     0 | D:1      | Peloso the Minotaur Fighter began the quest for the Orb.
     0 | D:1      | Reached XP level 1. HP: 19/19 MP: 0/0
   317 | D:1      | Reached XP level 2. HP: 27/27 MP: 1/1
   605 | D:1      | Found a faded altar of an unknown god.
  1378 | D:2      | Reached XP level 3. HP: 33/33 MP: 2/2
  1723 | D:2      | Reached XP level 4. HP: 22/40 MP: 3/3
  2043 | D:3      | Noticed Grinder
  2063 | D:3      | Killed Grinder
  2064 | D:3      | Reached skill level 5 in Armour
  2064 | D:3      | Reached skill level 1 in Dodging
  2064 | D:3      | Reached XP level 5. HP: 15/47 MP: 4/4
  2064 | D:3      | Reached XP level 6. HP: 17/53 MP: 5/5
  2419 | D:3      | Found a sacrificial altar of Ru.
  2774 | D:3      | Reached skill level 5 in Long Blades
  2897 | D:3      | Found a sparkling altar of Nemelex Xobeh.
  3209 | D:4      | Reached skill level 5 in Fighting
  3462 | D:4      | Reached XP level 7. HP: 61/61 MP: 6/6
  3466 | D:4      | Found a white marble altar of Elyvilon.
  3770 | D:5      | Entered Level 5 of the Dungeon
  3904 | D:5      | Noticed Duvessa
  3904 | D:5      | Noticed Dowan
  3908 | D:5      | Killed Duvessa
  3911 | D:5      | Killed Dowan
  4065 | D:5      | Reached skill level 5 in Shields
  4216 | D:5      | Reached XP level 8. HP: 70/70 MP: 7/7
  5008 | D:5      | Found a runed translucent door.
  5010 | D:5      | Noticed duchin's ghost (amateur MfTm)
  5228 | D:5      | Found a runed translucent door.
  5718 | D:6      | Found a staircase to the Ecumenical Temple.
  5731 | Temple   | Entered the Ecumenical Temple
  5781 | Temple   | Became a worshipper of Warmaster Okawaru
  5807 | D:6      | Noticed an air elemental
  5813 | D:6      | Reached XP level 9. HP: 63/78 MP: 8/8
  5879 | D:6      | Found a stormy altar of Qazlal.
  6168 | D:6      | Reached * piety under Okawaru
  6357 | D:7      | Reached skill level 10 in Long Blades
  6810 | D:7      | Found a runed translucent door.
  6811 | D:7      | Noticed Voland's ghost (novice TeAE)
  6820 | D:7      | Reached skill level 1 in Stealth
  6878 | D:7      | Noticed a deep elf pyromancer
  6891 | D:7      | Killed a deep elf pyromancer
  6891 | D:7      | Reached ** piety under Okawaru
  6892 | D:7      | Reached skill level 10 in Armour
  7085 | D:7      | HP: 1/79 [something (18)]
  7089 | D:7      | Mangled by a vampire

Illustrated notes

Levels and vault maps discovered:
D:1:      elethiomel_arrival_quiet, layout_loops_ring,
          dreamdust_ecumenical_altar_angels_and_demons
D:2:      layout_basic
D:3:      layout_loops_corners, mainiacjoe_overflow_small_starburst,
          nemelex_xobeh_ov_fountains_minmay, uniq_grinder
D:4:      layout_rooms, mainiacjoe_overflow_alcove_2
D:5:      layout_loops_ring, ebering_ghost_sewer_f, uniq_duvessa
D:6:      layout_cave_pools, nicolae_qazlal_style_of_elements,
          minmay_temple_entry_grid
D:7:      minmay_opposing_rooms, layout_basic, gammafunk_ghost_grave,
          uniq_prince_ribbit1
Temple:   eino_wide_crystal_templ

Skill      XL: |  1  2  3  4  5  6  7  8  9 |
---------------+----------------------------+-----
Armour         | 4 5 6 8 10 | 10.0
Shields        | 4 5 6 |  6.0
Fighting       | 4 5 6 7 |  7.6
Long Blades    | 3 4 5 7 9 10 | 10.8
Dodging        | 1 2 3 |  3.5
Stealth        | 1 |  1.3

Action                   |  1- 3 |  4- 6 |  7- 9 || total
-------------------------+-------+-------+-------++-------
Melee: Long sword        |    61 |   115 |   220 ||   396
       Headbutt          |     7 |    20 |    48 ||    75
  Use: Scroll            |     5 |     3 |     3 ||    11
       Potion            |     3 |     1 |     4 ||     8
 Stab: Distracted        |       |       |     2 ||     2
Armor: Scale mail        |    28 |    16 |       ||    44
       Chain mail        |       |    61 |    92 ||   153
Dodge: Dodged            |    37 |    38 |    80 ||   155
Block: Buckler           |    13 |    32 |    50 ||    95
